Match 45211466
Unlisted
Match 45211466
End
Construct Barracks
Engineer Squad
1⁄4-ton 4x4 Truck
Riflemen Squad
Riflemen Squad
Infantry Support Center
Grenade Package
Construct Weapon Support Center
Selects Heavy Weapons
Selects Assault Carriers
M3 Assault Carrier
M3 Assault Carrier
Selects Exchangeable Parts
M1919 Machine Gun Team
Bazooka Squad
Construct Medical Station
Construct Tank Depot
Bazooka Squad
Improved M9 Bazooka Rockets
M4(105) Sherman Bulldozer
Bazooka Squad
BlackJackKing
jianzi
Bruckley
Starbuckshunter
AI
elfen
soda soda
咖喱
0
0
Comments sign in to comment!
No comments posted yet!